 Dungeon Crawl Stone Soup version 0.30-a0-377-g5cb311bc9f (webtiles) character file.

Game seed: 16176432780596289366

498 qeuew the Gusty (level 7, -6/39 HPs)
             Began as a Tengu Air Elementalist on Nov 28, 2022.
             Was an Initiate of Ashenzari.
             Shot with an arrow by a centaur (9 damage)
             ... on level 5 of the Dungeon.
             The game lasted 00:06:22 (4454 turns).

qeuew the Gusty (Tengu Air Elementalist)            Turns: 4454, Time: 00:06:23

Health: -6/39      AC:  0    Str:  9    XL:     7   Next: 16%
Magic:  8/13       EV: 21    Int: 17    God:    Ashenzari [......]
Gold:   271        SH:  0    Dex: 20    Spells: 10/13 levels left

rFire   . . .      SeeInvis .    c - +8 scimitar "Gaog" {flame, Int+2}
rCold   + . .      Faith    .    (no shield)
rNeg    . . .      Spirit   .    a - +1 robe
rPois   +          Reflect  .    (helmet restricted)
rElec   .          Harm     .    (no cloak)
rCorr   .          Rampage  .    (no gloves)
Will    +....                    (boots unavailable)
Stlth   +++.......               (no amulet)
HPRegen 0.26/turn                l - ring of Ecudon {*Corrode rC+ Will+ EV+4}
MPRegen 0.13/turn                (no ring)

@: corroded, flying quickly and evasively, quick
A: beak, talons 3, nimble flight, thin skeletal structure 1, agile 1, poison
resistance, robust 1, MP-powered wands
a: Renounce Religion


You were on level 5 of the Dungeon.
You worshipped Ashenzari.
Ashenzari was noncommittal.
You visited 2 branches of the dungeon, and saw 6 of its levels.

You collected 271 gold pieces.

Inventory:

Hand Weapons
 c - the +8 scimitar "Gaog" (weapon) {flame, Int+2}
   (You acquired it on level 2 of the Dungeon)

   It burns those it strikes, dealing additional fire damage.
   Big, fiery blades are also staple armaments of hydra-hunters.
   Int:       It affects your intelligence (+2).
Armour
 a - a +1 robe (worn)
Jewellery
 l - the ring of Ecudon (left hand) {*Corrode rC+ Will+ EV+4}
   (You found it on level 4 of the Dungeon)

   [ring of evasion]

   EV:        It affects your evasion (+4).
   rC:        It protects you from cold.
   *Corrode:  It may corrode you when you take damage.
   Will:      It increases your willpower.
Wands
 m - a wand of digging (5)
Scrolls
 b - 2 scrolls of teleportation
 e - 2 scrolls of butterflies
 i - 2 scrolls of identify
 n - a scroll of enchant armour
 p - a scroll of blinking {unknown}
Potions
 d - a potion of brilliance
 f - a potion of ambrosia
 g - a potion of invisibility
 h - a potion of resistance
 j - a potion of heal wounds
 k - a potion of flight
 o - a potion of magic


   Skills:
 + Level 2.5 Long Blades
 + Level 2.7 Armour
 + Level 3.7 Dodging
 - Level 2.0 Stealth
 * Level 3.6 Spellcasting
 + Level 3.6 Conjurations
 + Level 5.4 Air Magic
 + Level 1.5 Evocations


You had 10 spell levels left.
You knew the following spells:

 Your Spells              Type           Power      Damage    Failure   Level
a - Shock                 Conj/Air       72%        1d7       2%          1
b - Static Discharge      Conj/Air       36%        2-4/arc   3%          2

Your spell library contained the following spells:

 Spells                   Type           Power      Damage    Failure   Level
 Swiftness                Air            21%        N/A       5%          3
 Poisonous Vapours        Pois/Air       24%        N/A       9%          2
 Cigotuvi's Dreadful Rot  Necr/Pois/Air  18%        N/A       12%         2
 Mephitic Cloud           Conj/Pois/Air  13%        N/A       14%         3
 Sting                    Tmut/Pois      12%        1d3       17%         1
 Airstrike                Air            10%        2d(2-18)  17%         4
 Kindle Blastsparks       Fire/Tloc/Air  18%        2d11      24%         3
 Summon Guardian Golem    Hex/Summ       3%         N/A       45%         3
 Fulminant Prism          Conj/Hex       4%         3d5       61%         4
 Iskenderun's Mystic Bla  Conj/Tloc      9%         2d4       61%         4
 Freezing Cloud           Conj/Ice/Air   6%         6-21      78%         5
 Olgreb's Toxic Radiance  Pois           3%         N/A       86%         4
 Lee's Rapid Deconstruct  Erth           1%         3d4*      99%         5
 Simulacrum               Ice/Necr       1%         N/A       100%        6
 Orb of Destruction       Conj           7%         9d6       100%        7
 Spellforged Servitor     Conj/Summ      4%         N/A       100%        7
 Polar Vortex             Ice            1%         N/A       100%        9


Dungeon Overview and Level Annotations

Branches:
Dungeon (5/15)             Temple (1/1) D:5

Altars:
Ashenzari
Cheibriados
Dithmenos
Elyvilon
Fedhas
Hepliaklqana
Makhleb
Nemelex Xobeh
Okawaru
Qazlal
Ru
Sif Muna
Trog
Uskayaw
Vehumet
Wu Jian
Xom
Zin
The Shining One

Shops:
D:3 =


Innate Abilities, Weirdness & Mutations

You have a beak for a mouth.
You have claws for feet.
Your magical nature lets you fly swiftly and evasively.
You have a somewhat thin skeletal structure. (Dex +2, Stealth+)
You are agile. (Dex +4, Str/Int -1)
Your system is resistant to poisons. (rPois)
You are robust. (+10% HP)
You expend magic power (3 MP) to strengthen your wands.


Message History

A scorpion is nearby!
You closely miss the scorpion. You claw the scorpion.
Your peck misses the scorpion.
The scorpion is lightly wounded.
The scorpion completely misses you. x2
You slash the scorpion! You burn the scorpion.
You kill the scorpion!
No target in view!
No target in view!
You pick up a Young Poisoner's Handbook and begin reading...
You add the spells Sting and Olgreb's Toxic Radiance to your library.
A centaur comes into view.
Found 4 poisoned darts.
A centaur is nearby!
The zap hits the centaur.
The centaur is lightly wounded.
The centaur shouts!
The centaur wields a +0 shortbow.
The centaur shoots an arrow.
The arrow hits you.
The centaur shoots an arrow.
The arrow hits you!
The zap hits the centaur.
The centaur is lightly wounded.
The centaur shoots an arrow.
The arrow barely misses you.
The zap hits the centaur.
The centaur is lightly wounded.
The centaur shoots an arrow.
The arrow misses you.
The centaur shoots an arrow.
The arrow hits you.
The zap hits the centaur.
The centaur is moderately wounded.
The zap hits the centaur.
The centaur is heavily wounded.
The centaur shoots an arrow.
The arrow hits you!
Your corrosive artefact corrodes you!
You are too injured to fight recklessly!
You are too injured to fight recklessly!
You are too injured to fight recklessly!
You are too injured to fight recklessly!
The centaur shoots an arrow.
The arrow hits you!
* * * LOW HITPOINT WARNING * * *
The centaur shoots an arrow.
The arrow hits you!
You die...

###
#.#########.#
#.....@..c..#
#.#########(#
#.# #.# #.#
######### #.#
........# #.#
## #######†#
#.# .. #
#.###.##.#


You could see a centaur.

Vanquished Creatures
  2 scorpions (D:5)
  3 hounds (D:4)
  An orc priest (D:5)
  2 iguanas
  An orc wizard (D:5)
  3 gnolls (D:3)
  4 adders
  2 worms (D:2)
  5 dart slugs
  10 orcs
  5 endoplasms
  5 giant cockroaches
  10 hobgoblins
  7 jackals
  4 kobolds
  5 quokkas
  9 ball pythons
  7 bats
  5 frilled lizards
  4 goblins
  6 rats
100 creatures vanquished.

Notes
Turn   | Place    | Note
-------+----------+-------------------------------------------
     0 | D:1      | qeuew the Tengu Air Elementalist began the quest for the
                  | Orb.
     0 | D:1      | Reached XP level 1. HP: 10/10 MP: 4/4
   437 | D:1      | Reached XP level 2. HP: 15/15 MP: 4/6
   680 | D:2      | Learned a level 2 spell: Static Discharge
   936 | D:2      | Reached skill level 1 in Armour
  1036 | D:2      | Reached XP level 3. HP: 19/19 MP: 5/7
  1784 | D:2      | Identified a scroll of acquirement
  1784 | D:2      | Acquired the +8 scimitar "Gaog" {flame, Int+2}
  1792 | D:2      | Gained mutation: You have a somewhat thin skeletal
                  | structure. (Dex +2, Stealth+) [potion of mutation]
  1792 | D:2      | Gained mutation: You have hidden genetic potential. [potion
                  | of mutation]
  1792 | D:2      | Gained mutation: You are agile. (Dex +4, Str/Int -1)
                  | [potion of mutation]
  1792 | D:2      | Gained mutation: Your system is resistant to poisons.
                  | (rPois) [potion of mutation]
  1989 | D:3      | Reached skill level 1 in Long Blades
  1989 | D:3      | Reached XP level 4. HP: 24/24 MP: 0/8
  2472 | D:3      | Gained mutation: You expend magic power (3 MP) to
                  | strengthen your wands. [hidden potential]
  2642 | D:3      | Found Rashruvi's Jewellery Shoppe.
  2781 | D:4      | Gained mutation: Your magical nature lets you fly swiftly
                  | and evasively. [Tengu growth]
  2781 | D:4      | Reached XP level 5. HP: 18/28 MP: 5/10
  2971 | D:4      | Gained mutation: You are robust. (+10% HP) [hidden
                  | potential]
  2971 | D:4      | Lost mutation: You have hidden genetic potential. [hidden
                  | potential expressed]
  3184 | D:4      | Reached skill level 5 in Air Magic
  3184 | D:4      | Reached XP level 6. HP: 25/35 MP: 0/11
  3282 | D:4      | Identified the ring of Ecudon {*Corrode rC+ Will+ EV+4}
  3536 | D:4      | Reached skill level 1 in Evocations
  3551 | D:4      | Found a blossoming altar of Fedhas.
  3753 | D:5      | Entered Level 5 of the Dungeon
  3821 | D:5      | Found a staircase to the Ecumenical Temple.
  3922 | Temple   | Entered the Ecumenical Temple
  4027 | Temple   | Became a worshipper of Ashenzari the Shackled
  4375 | D:5      | Reached XP level 7. HP: 39/39 MP: 7/13
  4454 | D:5      | Shot with an arrow by a centaur

Illustrated notes

Levels and vault maps discovered:
D:1:      dpeg_arrival_connections, layout_basic, skrybe_limestone_x
D:2:      layout_rooms, minmay_mini_jars
D:3:      layout_basic, serial_shops, shop, reono_crystal_passage
D:4:      layout_loops_cross, fedhas_altar_1
D:5:      layout_basic, minmay_temple_entry_statues_fountains
Temple:   compressed_dpeg_circular_temple

Skill      XL: |  1  2  3  4  5  6 |
---------------+-------------------+-----
Conjurations   | 2 3 |  3.6
Armour         | 1 2 |  2.7
Long Blades    | 1 2 |  2.5
Dodging        | 3 |  3.7
Spellcasting   | 3 |  3.6
Air Magic      | 5 |  5.4
Evocations     | 1 |  1.5
Stealth        | |  2.0

Action                   |  1- 3 |  4- 6 |  7- 9 || total
-------------------------+-------+-------+-------++-------
Melee: Long sword        |    11 |       |       ||    11
       Peck              |     4 |       |       ||     4
       Kick              |     3 |     3 |     1 ||     7
       Scimitar          |       |    25 |     2 ||    27
 Cast: Shock             |    84 |    97 |     5 ||   186
       Static Discharge  |     3 |     4 |       ||     7
  Use: Potion            |     8 |     1 |       ||     9
       Scroll            |     7 |     3 |       ||    10
Armor: Robe              |     5 |     6 |       ||    11
Dodge: Dodged            |    19 |    48 |     4 ||    71

Table legend: (Time is in decaauts)
 A = Elapsed time spent in this place.
 B = Non-inter-level travel time spent in this place.
 C = Inter-level travel time spent in this place.
 D = Time resting spent in this place.
 E = Time spent auto-exploring this place.
 F = Levels seen in this place.
 G = Mean time per level.
                   A        B        C        D        E       F      G
               +--------+--------+--------+--------+--------+-----+--------+
         Total |   4366 |   4199 |    167 |    100 |   3583 |   6 |  727.7 |
       Dungeon |   4248 |   4099 |    149 |    100 |   3500 |   5 |  849.6 |
        Temple |    117 |    100 |     17 |      0 |     82 |   1 |  117.0 |
               +--------+--------+--------+--------+--------+-----+--------+

Top non-repeatable levels by time:
     D:2: 1153 daAuts
     D:4: 997 daAuts
     D:3: 806 daAuts
     D:1: 751 daAuts
     D:5: 539 daAuts
  Temple: 117 daAuts
